 Dungeon Crawl Stone Soup version 0.19.3-4-gbf9329e (webtiles) character file.

59 Gargoyl the Skirmisher (level 4, -1/40 HPs)
             Began as a Ghoul Abyssal Knight on Jan 27, 2017.
             Was a Follower of Lugonu.
             Slain by Crazy Yiuf
             ... wielding a +4 quarterstaff of chaos
              (2 damage)
             ... on level 2 of the Dungeon.
             The game lasted 00:03:36 (2324 turns).

Gargoyl the Skirmisher (Ghoul Abyssal Knight)       Turns: 2324, Time: 00:03:37

Health: -1/40      AC: 12    Str: 15    XL:     4   Next: 3%
Magic:  4/4        EV:  6    Int:  7    God:    Lugonu [*.....]
Gold:   192        SH:  0    Dex:  9    Spells: 0 memorised, 3 levels left

rFire  . . .     SeeInvis .     f - +0 war axe
rCold  + . .     Gourm    .     k - +0 chain mail
rNeg   + + +     Faith    .     (no shield)
rPois  ∞         Spirit   .     o - +1 helmet
rElec  .         Reflect  .     h - +0 cloak
rCorr  .         Harm     .     (no gloves)
MR     .....                    (no boots)
Stlth  ..........               (no amulet)
                                (no ring)
                                (no ring)

@: rotting
A: rotting body, claws 1, carnivore 3, cold resistance 1, negative energy
resistance 3, slow regeneration 1, torment resistance, unbreathing
a: Depart the Abyss, Renounce Religion


You were on level 2 of the Dungeon.
You worshipped Lugonu.
Lugonu was aware of your devotion.
You were not hungry.

You visited 1 branch of the dungeon, and saw 2 of its levels.
You visited the Abyss 1 time.

You collected 192 gold pieces.

Inventory:

Hand Weapons
 a - a +1 hand axe
 f - a +0 war axe (weapon)
Missiles
 i - 4 javelins (quivered)
Armour
 h - a +0 cloak (worn)
 k - a +0 chain mail (worn)
 o - a +1 helmet (worn)
Wands
 d - a wand of digging (15/24)
Scrolls
 b - 2 scrolls of identify {unknown}
 g - 3 scrolls of remove curse {unknown}
 j - a scroll of enchant armour
 m - a scroll of noise {unknown}
Potions
 e - a potion of heal wounds {unknown}
 l - a potion of lignification {unknown}
 n - a potion of flight {unknown}
Comestibles
 c - a meat ration


   Skills:
 + Level 4.0 Fighting
 + Level 2.6 Axes
 * Level 2.3 Armour
 + Level 1.1 Dodging
 * Level 2.1 Invocations


You had 3 spell levels left.
You didn't know any spells.

Dungeon Overview and Level Annotations

Branches:
Dungeon (2/15)

Altars:
The Shining One

Annotations:
D:2 Crazy Yiuf


Innate Abilities, Weirdness & Mutations

Your body is rotting away.
You thrive on raw meat.
You are immune to poison.
You have sharp fingernails.
You are carnivorous and can eat meat at any time.
Your flesh is cold resistant. (rC+)
You are immune to negative energy. (rN+++)
You regenerate slowly when monsters are visible.
You are immune to unholy pain and torment.
You can survive without breathing.


Message History

Crazy Yiuf hits you but does no damage.
You are confused.
You feel less confused. Crazy Yiuf hits you but does no damage.
You feel much better.
You barely miss Crazy Yiuf.
Crazy Yiuf is heavily wounded.
Crazy Yiuf hits you with a quarterstaff of chaos!
Crazy Yiuf freezes you.
You hit Crazy Yiuf.
Crazy Yiuf is severely wounded.
Crazy Yiuf barely misses you.
You closely miss Crazy Yiuf.
Crazy Yiuf is severely wounded.
Crazy Yiuf hits you with a quarterstaff of chaos!
You are electrocuted!
* * * LOW HITPOINT WARNING * * *
Your chain mail prevents you from hitting Crazy Yiuf.
Crazy Yiuf is severely wounded.
Crazy Yiuf hits you with a quarterstaff of chaos.
You die...

#..### #...# #.# #### ..##
#####.#.####.# ##.# ###
##.#.#.#.#....# #(#.
#..........#### ##.# ##.......#.#
#.# #..........# #.# ##....>..#.#
#.# #######..........# #.#
.......#.......#@# #.#
#######........g.##############.#
##.#.#.#.#................#
##..#.###################. #.##.#
#........ #.##.#### #.######.
#.......# #.# ## #)#####.## #.# #
#.# #.).###### #.#


You could see Crazy Yiuf.

Vanquished Creatures
  An adder (D:2)
  2 worms (D:2)
  A dart slug (D:1)
  4 leopard geckos
  2 giant cockroaches (D:2)
  4 goblins
  2 hobgoblins
  8 kobolds
  2 quokkas (D:2)
  4 bats
  3 frilled lizards (D:1)
  4 rats
37 creatures vanquished.

Notes
Turn   | Place    | Note
-------+----------+-------------------------------------------
     0 | Abyss:1  | Gargoyl the Ghoul Abyssal Knight began the quest for the Orb.
     0 | Abyss:1  | Reached XP level 1. HP: 19/19 MP: 1/1
    32 | Abyss:1  | Found a corrupted altar of Lugonu.
    94 | Abyss:2  | Found a corrupted altar of Lugonu.
   157 | Abyss:3  | Found a corrupted altar of Lugonu.
   163 | Abyss:3  | Noticed a spatial vortex
   163 | Abyss:3  | Noticed a sun demon
   174 | D:1      | Escaped the Abyss
   449 | D:1      | Reached * piety under Lugonu
   472 | D:1      | Reached skill level 1 in Dodging
   472 | D:1      | Reached XP level 2. HP: 26/26 MP: 2/2
  1280 | D:2      | Reached XP level 3. HP: 23/33 MP: 3/3
  1536 | D:2      | Reached skill level 4 in Fighting
  1770 | D:2      | Found a faded altar of an unknown god.
  1770 | D:2      | Found a glowing golden altar of the Shining One.
  1775 | D:2      | Found a faded altar of an unknown god.
  1778 | D:2      | Found a faded altar of an unknown god.
  1780 | D:2      | Found a faded altar of an unknown god.
  1856 | D:2      | Found a runed door.
  1956 | D:2      | Noticed Crazy Yiuf
  2305 | D:2      | Reached XP level 4. HP: 36/38 MP: 4/4
  2323 | D:2      | HP: 1/40 [Crazy Yiuf/quarterstaff of chaos (17)]
  2324 | D:2      | Slain by Crazy Yiuf

Skill      XL: |  1  2  3 |
---------------+----------+-----
Axes           | 2 |  2.6
Dodging        | 1 |  1.1
Armour         | 2 |  2.3
Fighting       | 4 |  4.0
Invocations    | |  2.1

Action                   |  1- 3 |  4- 6 || total
-------------------------+-------+-------++-------
Melee: War axe           |   198 |    18 ||   216
Invok: Depart the Abyss  |     1 |       ||     1
  Use: Scroll            |     2 |       ||     2
  Eat: Chunk             |    17 |       ||    17
Armor: Leather armour    |    18 |       ||    18
       Chain mail        |   130 |    13 ||   143
Dodge: Dodged            |    91 |     5 ||    96
